 Dungeon Crawl Stone Soup version 0.31-a0-1529-g7bd419a0e5 (webtiles) character file.

Game seed: 958213149413988214

46 NoAnimeNoLife the Vexing (level 3, -1/28 HPs)
             Began as a Gnoll Hexslinger on Dec 31, 2023.
             Was a Believer of Fedhas.
             Killed from afar by Terence (10 damage)
             ... with a puff of flame
             ... on level 2 of the Dungeon.
             The game lasted 00:01:11 (1275 turns).

NoAnimeNoLife the Vexing (Gnoll Hexslinger)         Turns: 1275, Time: 00:01:12

Health: -1/28      AC:  5    Str:  7    XL:     3   Next: 68%
Magic:  6/7        EV: 14    Int: 12    God:    Fedhas [**....]
Gold:   68         SH:  0    Dex: 16    Spells: 5/7 levels left

rFire   . . .        a - +1 sling
rCold   . . .        (no shield)
rNeg    . . .        c - +0 robe
rPois   .            (no helmet)
rElec   .            (no cloak)
rCorr   .            (no gloves)
SInv    .            h - +2 pair of boots
Will    .....        (no amulet)
Stlth   ++           (no ring)
HPRegen 0.24/turn    (no ring)
MPRegen 0.10/turn

%: no passive effects
@: weak-willed
A: fangs 1, strong nose, distributed training
a: Renounce Religion, Wall of Briars


You were on level 2 of the Dungeon.
You worshipped Fedhas.
Fedhas was pleased with you.
You visited 1 branch of the dungeon, and saw 2 of its levels.

You collected 68 gold pieces.

Inventory:

Hand Weapons
 a - a +1 sling (weapon)
Armour
 c - a +0 robe (worn)
 h - a +2 pair of boots (worn)
Scrolls
 b - 2 scrolls of poison
 d - a scroll of revelation {unknown}
 e - 6 scrolls of identify {unknown}
 g - a scroll of torment {unknown}
 i - a scroll of blinking {unknown}
 j - a scroll of enchant armour {unknown}
 k - 2 scrolls of teleportation {unknown}
Potions
 f - a potion of mutation {unknown}


   Skills:
 + Level 2.6 Fighting
 + Level 1.0 Short Blades
 + Level 1.0 Long Blades
 + Level 1.0 Axes
 + Level 1.0 Maces & Flails
 + Level 1.0 Polearms
 + Level 1.0 Staves
 + Level 4.6 Ranged Weapons
 + Level 1.0 Throwing
 + Level 1.0 Armour
 + Level 4.6 Dodging
 + Level 1.0 Stealth
 + Level 1.0 Shields
 + Level 1.0 Unarmed Combat
 + Level 2.9 Spellcasting
 + Level 0.7 Conjurations
 + Level 5.4 Hexes
 + Level 0.7 Summonings
 + Level 0.7 Necromancy
 + Level 0.7 Translocations
 + Level 2.1 Fire Magic
 + Level 0.7 Ice Magic
 + Level 0.7 Air Magic
 + Level 0.7 Earth Magic
 + Level 0.7 Alchemy
 + Level 1.0 Invocations
 + Level 1.0 Evocations
 + Level 0.8 Shapeshifting


You had 5 spell levels left.
You knew the following spells:

 Your Spells              Type           Power      Damage    Failure   Level
a - Jinxbite              Hex            28%        N/A       4%          2

Your spell library contained the following spells:

 Spells                   Type           Power      Damage    Failure   Level
 Sigil of Binding         Hex            14%        N/A       8%          3
 Inner Flame              Hex/Fire       10%        N/A       16%         3
 Apportation              Tloc           6%         N/A       19%         1
 Necrotise                Necr           12%        1d4       19%         1
 Sting                    Conj/Alch      12%        1d3       19%         1
 Summon Small Mammal      Summ           12%        N/A       19%         1
 Cause Fear               Hex            7%         N/A       26%         4
 Dimensional Bullseye     Hex/Tloc       4%         N/A       56%         4


Dungeon Overview and Level Annotations

Branches:
Dungeon (2/15)

Altars:
Fedhas

Annotations:
D:2 Terence


Innate Abilities, Weirdness & Mutations

You have very sharp teeth.
Your uncanny sense of smell can sniff out nearby items.
Your experience applies equally to all skills.


Message History

The jinxing sprites lose interest in you.
Terence says, "You're history."
Terence hits you with a +2 mace of protection.
You shoot a sling bullet.
The sling bullet hits Terence but does no damage.
Terence is severely wounded.
Terence zaps a wand.
The puff of flame misses you.
You shoot a sling bullet.
The sling bullet hits Terence but does no damage.
Terence is severely wounded.
Terence says, "Time to say good-bye..."
Terence hits you with a +2 mace of protection!
You shoot a sling bullet.
The sling bullet hits Terence but does no damage.
Terence is severely wounded.
Terence misses you.
Terence hits you with a +2 mace of protection.
* * * LOW HITPOINT WARNING * * *
Okay, then.
You aren't carrying any items that you can evoke.
Fire: a) +1 sling
Press: ? - help, Q - select action, (/) - cycle Shift-Dir - straight line, f/p - Terence
Aim: Terence, wielding a +2 mace of protection, wearing a +0 chain mail and carrying a wand of flame (severely wounded, heavily drained, 69% to hit)
Okay, then.
Okay, then.
Okay, then.
Fire: a) +1 sling
Press: ? - help, Q - select action, (/) - cycle Shift-Dir - straight line, f/p - Terence
Aim: Terence, wielding a +2 mace of protection, wearing a +0 chain mail and carrying a wand of flame (severely wounded, heavily drained, 69% to hit)
Okay, then.
Fire: a) +1 sling
Press: ? - help, Q - select action, (/) - cycle Shift-Dir - straight line, f/p - Terence
Aim: Terence, wielding a +2 mace of protection, wearing a +0 chain mail and carrying a wand of flame (severely wounded, heavily drained, 69% to hit)
You shoot a sling bullet.
The sling bullet hits Terence but does no damage.
Terence is severely wounded.
Terence zaps a wand.
The puff of flame hits you!
You die...
Terence says, "That felt goooood."
Fedhas appreciates your contribution to the ecosystem.

########## #.......>#
#.######.# <#######.#
#.# ......@@.# #.#
.........# ##.######
.#######.#####.......#
#........####.#
########.# #.# #.# #.#
#.####.# #.#.†..#
#.#.####


You could see Terence (very drained).

Vanquished Creatures
  2 adders (D:2)
  A dart slug (D:2)
  7 ball pythons
  2 bats
  2 endoplasms
  2 goblins
  2 hobgoblins (D:2)
  A quokka (D:1)
  2 frilled lizards
  3 kobolds (D:2)
  4 rats
28 creatures vanquished.

Notes
Turn   | Place    | Note
-------+----------+-------------------------------------------
     0 | D:1      | NoAnimeNoLife the Gnoll Hexslinger began the quest for the
                  | Orb.
     0 | D:1      | Reached XP level 1. HP: 17/17 MP: 4/4
   256 | D:1      | Reached XP level 2. HP: 23/23 MP: 5/5
   358 | D:1      | Found a faded altar of an unknown god.
   796 | D:1      | Prayed at the altar of an unknown god.
   796 | D:1      | Became a worshipper of Fedhas Madash
   796 | D:1      | Reached * piety under Fedhas
  1045 | D:2      | Learned a level 2 spell: Jinxbite
  1072 | D:2      | Reached XP level 3. HP: 28/28 MP: 7/7
  1130 | D:2      | Reached skill level 1 in Invocations
  1186 | D:2      | Reached ** piety under Fedhas
  1232 | D:2      | Reached skill level 1 in Short Blades
  1232 | D:2      | Reached skill level 1 in Long Blades
  1232 | D:2      | Reached skill level 1 in Axes
  1232 | D:2      | Reached skill level 1 in Maces & Flails
  1232 | D:2      | Reached skill level 1 in Polearms
  1232 | D:2      | Reached skill level 1 in Staves
  1232 | D:2      | Reached skill level 1 in Throwing
  1232 | D:2      | Reached skill level 1 in Armour
  1232 | D:2      | Reached skill level 1 in Stealth
  1232 | D:2      | Reached skill level 1 in Shields
  1232 | D:2      | Reached skill level 1 in Unarmed Combat
  1232 | D:2      | Reached skill level 1 in Evocations
  1263 | D:2      | Noticed Terence
  1275 | D:2      | Killed from afar by Terence

Illustrated notes

Levels and vault maps discovered:
D:1:      spicycebolla_arrival_xxxplode, layout_basic,
          shapermc_ecumenical_altar_petra
D:2:      kennysheep_six_static_rooms, layout_loops_ring, nicolae_the_louvre,
          uniq_terence

Skill      XL: |  1  2  3 |
---------------+----------+-----
Fire Magic     | 2 |  2.1
Invocations    | 1 |  1.0
Short Blades   | 1 |  1.0
Long Blades    | 1 |  1.0
Axes           | 1 |  1.0
Maces & Flails | 1 |  1.0
Polearms       | 1 |  1.0
Staves         | 1 |  1.0
Throwing       | 1 |  1.0
Armour         | 1 |  1.0
Stealth        | 1 |  1.0
Shields        | 1 |  1.0
Unarmed Combat | 1 |  1.0
Evocations     | 1 |  1.0
Fighting       | |  2.6
Ranged Weapons | |  4.6
Dodging        | |  4.6
Spellcasting   | |  2.9
Conjurations   | |  0.7
Hexes          | |  5.4
Summonings     | |  0.7
Necromancy     | |  0.7
Translocations | |  0.7
Ice Magic      | |  0.7
Air Magic      | |  0.7
Earth Magic    | |  0.7
Alchemy        | |  0.7
Shapeshifting  | |  0.8

Action                     || total
---------------------------++-------
   Fire: Sling             ||    74
   Cast: Jinxbite          ||     1
 Armour: Robe              ||    13
  Dodge: Dodged            ||    31

Table legend: (Time is in decaauts)
 A = Elapsed time spent in this place.
 B = Non-inter-level travel time spent in this place.
 C = Inter-level travel time spent in this place.
 D = Time resting spent in this place.
 E = Time spent auto-exploring this place.
 F = Levels seen in this place.
 G = Mean time per level.
                   A        B        C        D        E       F      G
               +--------+--------+--------+--------+--------+-----+--------+
         Total |   1292 |   1194 |     98 |      0 |   1044 |   2 |  646.0 |
       Dungeon |   1292 |   1194 |     98 |      0 |   1044 |   2 |  646.0 |
               +--------+--------+--------+--------+--------+-----+--------+

Top non-repeatable levels by time:
     D:1: 859 daAuts
     D:2: 432 daAuts
